 Dungeon Crawl Stone Soup version 0.19.5 (webtiles) character file.

77 JeffiDaFish the Shield-Bearer (level 4, -4/29 HPs)
             Began as a Gargoyle Fighter on Mar 6, 2017.
             Killed from afar by Natasha (6 damage)
             ... with a magic dart
             ... on level 3 of the Dungeon.
             The game lasted 00:04:52 (1506 turns).

JeffiDaFish the Shield-Bearer (Gargoyle Fighter)    Turns: 1506, Time: 00:04:52

Health: -4/29      AC: 10    Str: 19    XL:     4   Next: 33%
Magic:  4/4        EV:  7    Int:  9    God:
Gold:   120        SH:  9    Dex: 13    Spells: 0 memorised, 3 levels left

rFire  . . .     SeeInvis .     a - +1 flail
rCold  . . .     Gourm    .     b - +0 scale mail
rNeg   + . .     Faith    .     c - +0 shield
rPois  ∞         Spirit   .     (no helmet)
rElec  +         Reflect  .     (no cloak)
rCorr  .         Harm     .     (no gloves)
MR     .....                    (no boots)
Stlth  +.........               (no amulet)
                                m - +3 ring of dexterity
                                e - ring of stealth

@: no status effects
A: negative energy resistance 1, electricity resistance, unbreathing,
petrification resistance, rot immunity, AC +3
a: no special abilities


You were on level 3 of the Dungeon.
You were not hungry.

You visited 1 branch of the dungeon, and saw 3 of its levels.

You collected 120 gold pieces.

Inventory:

Hand Weapons
 a - a +1 flail (weapon)
Armour
 b - a +0 scale mail (worn)
 c - a +0 shield (worn)
Jewellery
 e - a ring of stealth (left hand)
 m - a +3 ring of dexterity (right hand)
Scrolls
 j - a scroll of identify
 k - a scroll of enchant weapon
Potions
 d - 2 potions of might
Comestibles
 f - a bread ration
 h - 2 meat rations
 i - a royal jelly
 l - a beef jerky


   Skills:
 + Level 3.7 Fighting
 + Level 3.1 Maces & Flails
 + Level 3.5 Armour
 + Level 0.4 Dodging
 + Level 0.5 Stealth
 + Level 3.9 Shields


You had 3 spell levels left.
You didn't know any spells.

Dungeon Overview and Level Annotations

Branches:
Dungeon (3/15)

Altars:
Kikubaaqudgha
Qazlal
Sif Muna

Annotations:
D:3 Natasha


Innate Abilities, Weirdness & Mutations

You are resistant to torment.
Your stone body is resilient. (AC +3)
You are immune to poison.
You resist negative energy. (rN+)
You are resistant to electric shocks. (rElec)
You can survive without breathing.
You are immune to petrification.
You are immune to rotting.


Message History

Natasha is almost dead.
You feel yourself speed up. You block the adder's attack.
The hobgoblin hits you but does no damage.
Natasha claws you.
* * * LOW HITPOINT WARNING * * *
The adder bites you but does no damage. The hobgoblin barely misses you.
Natasha growls.
Natasha claws you.
* * * LOW HITPOINT WARNING * * *
The adder bites you but does no damage.
You barely miss Natasha.
Natasha is almost dead.
The adder bites you but does no damage. You block the hobgoblin's attack.
Natasha closely misses you. The adder bites you but does no damage.
You completely miss Natasha.
Natasha is almost dead.
Natasha stares at you and mumbles some strange words.
The magic dart hits you!
You die...

#.# #.#.#.#.#.# #.#
#.#.#.#.#.# #.#
#.#.#.#<#.# #.#
#.#.#.###.# # #.#
#.#.....#.# %.## #.#
#.#######.# ..... #.#
#.........#
......#g#############
#..<.h@........
#.###S######### ....
....... #+#.#...#
..#.#.# ...###.# ...
.#


You could see Natasha, an adder and a hobgoblin.

Vanquished Creatures
  Jessica (D:2)
  A worm (D:2)
  4 dart slugs (D:1)
  3 giant cockroaches (D:2)
  5 goblins
  2 hobgoblins
  4 jackals (D:1)
  3 quokkas (D:2)
  A ball python (D:2)
  6 bats
  4 kobolds
  3 rats (D:2)
37 creatures vanquished.

Notes
Turn   | Place    | Note
-------+----------+-------------------------------------------
     0 | D:1      | JeffiDaFish the Gargoyle Fighter began the quest for the Orb.
     0 | D:1      | Reached XP level 1. HP: 14/14 MP: 1/1
   129 | D:1      | Reached XP level 2. HP: 16/19 MP: 2/2
   652 | D:1      | Reached XP level 3. HP: 23/23 MP: 3/3
   684 | D:2      | Noticed Jessica
   704 | D:2      | Killed Jessica
  1046 | D:2      | Reached XP level 4. HP: 25/29 MP: 4/4
  1150 | D:2      | Found an ancient bone altar of Kikubaaqudgha.
  1259 | D:2      | Found a stormy altar of Qazlal.
  1365 | D:2      | Found a deep blue altar of Sif Muna.
  1489 | D:3      | Noticed Natasha
  1504 | D:3      | HP: 1/29 [Natasha (2)]
  1506 | D:3      | Killed from afar by Natasha

Skill      XL: |  1  2  3 |
---------------+----------+-----
Maces & Flails | 3 |  3.1
Fighting       | |  3.7
Armour         | |  3.5
Dodging        | |  0.4
Stealth        | |  0.5
Shields        | |  3.9

Action                   |  1- 3 |  4- 6 || total
-------------------------+-------+-------++-------
Melee: Flail             |    81 |    62 ||   143
  Use: Scroll            |     3 |     1 ||     4
       Potion            |     1 |     3 ||     4
 Stab: Sleeping          |       |     1 ||     1
  Eat: Chunk             |     1 |     1 ||     2
Armor: Scale mail        |    64 |    31 ||    95
Dodge: Dodged            |    38 |    36 ||    74
Block: Shield            |    53 |    44 ||    97
